 Dungeon Crawl Stone Soup version 0.31-a0-844-gdc52ec4e09 (webtiles) character file.

Game seed: 17127968424809550866

2334 Ordine the Grappler (level 9, -4/86 (88) HPs)
             Began as a Troll Shapeshifter on Sept 28, 2023.
             Slain by a wight
             ... wielding a +5 flail
              (10 damage)
             ... while paralysed by a hornet
             ... on level 7 of the Dungeon.
             The game lasted 00:13:03 (5011 turns).

Ordine the Grappler (Troll Shapeshifter)            Turns: 5011, Time: 00:13:04

HP:   -4/86 (88)    AC:  7    Str: 28    XL:     9   Next: 19%
MP:   0/8           EV:  1    Int:  6    God:
Gold: 278           SH:  0    Dex:  9    Spells: 8/8 levels left

rFire   . .          .
                       - Unarmed
rCold   . . .        (no shield)
rNeg    . . .        v - +0 steam dragon scales
rPois   .            (helmet currently unavailable)
rElec   .            (cloak currently unavailable)
rCorr   .            (gloves unavailable)
SInv    .            (boots unavailable)
Will    .....        k - amulet of guardian spirit
Stlth   +            (no ring)
HPRegen 1.14/turn    (no ring)
MPRegen 0.11/turn

%: guardian spirit
@: paralysed, lethally poisoned (-4 -> -8), beast-form, slowed, lightly drained
A: beast (slay +3), large, unfitting armour, claws 3, regeneration 1, shaggy fur
1, tough skin 1
a: Begin Untransformation


You were on level 7 of the Dungeon.
You were a hulking beast.
You visited 2 branches of the dungeon, and saw 8 of its levels.

You collected 278 gold pieces.

Inventory:

Armour
 v - +0 steam dragon scales (worn)
Jewellery
 k - an amulet of guardian spirit (around neck)
 u - a ring of wizardry
Talismans
 c - a beast talisman (active)
 d - a flux talisman
Wands
 n - a wand of acid (5)
 p - a wand of polymorph (23)
 w - a wand of mindburst (11)
Scrolls
 a - 2 scrolls of torment {unknown}
 f - 2 scrolls of identify {unknown}
 g - a scroll of blinking {unknown}
 i - 3 scrolls of revelation {unknown}
 j - 3 scrolls of teleportation {unknown}
 o - a scroll of fear {unknown}
 r - 4 scrolls of amnesia {unknown}
 s - a scroll of fog {unknown}
 t - a scroll of silence {unknown}
 x - a scroll of enchant weapon {unknown}
 y - a scroll of vulnerability {unknown}
Potions
 b - a potion of haste {unknown}
 e - 2 potions of curing
 h - 2 potions of cancellation {unknown}
 l - a potion of invisibility {unknown}
 m - a potion of mutation {unknown}
 q - a potion of enlightenment {unknown}
 z - a potion of magic {unknown}
 A - a potion of heal wounds {unknown}


   Skills:
 + Level 5.0 Fighting
 - Level 2.0 Dodging
 * Level 9.3 Unarmed Combat
 + Level 6.3 Shapeshifting


You had 8 spell levels left.
You didn't know any spells.
Your spell library contained the following spells:

 Spells                   Type           Power      Damage    Failure   Level
 Necrotise                Necr           0%         1d4       45%         1
 Ensorcelled Hibernation  Hex/Ice        0%         N/A       58%         2
 Passwall                 Tmut/Erth      0%         N/A       58%         2
 Ozocubu's Armour         Ice            0%         N/A       83%         3
 Swiftness                Air            0%         N/A       83%         3
 Vampiric Draining        Necr           0%         2d6       83%         3
 Agony                    Necr           0%         N/A       100%        5
 Ozocubu's Refrigeration  Ice            0%         4d7       100%        7


Dungeon Overview and Level Annotations

Branches:
Dungeon (7/15)             Temple (1/1) D:6

Altars:
Ashenzari
Cheibriados
Dithmenos
Elyvilon
Fedhas
Gozag
Kikubaaqudgha
Makhleb
Nemelex Xobeh
Okawaru
Qazlal
Ru
Sif Muna
Trog
Xom
Yredelemnul
The Shining One

Annotations:
D:3 2 transporters, BinkBink's ghost, amateur KoHs


Innate Abilities, Weirdness & Mutations

You are a hulking beast.
Your limbs bulge with bestial killing power. (Slay +3)
You are too large for most types of armour.
You have claws for hands.
Your natural rate of healing is unusually fast.
You are covered in fur. (AC +1)
You have tough skin. (AC +1)


Message History

No target in view!
You see here a black bear corpse.
A hornet comes into view.
Found 15 gold pieces.
The hornet buzzes angrily.
You claw the hornet!
The hornet is heavily wounded.
The hornet barely misses you.
A wight comes into view.
It is wielding a +5 flail and carrying a wand of paralysis.
You scratch the hornet.
The hornet is heavily wounded.
The hornet closely misses you.
You closely miss the hornet.
The hornet is heavily wounded.
The hornet stings you!
You are poisoned.
You feel yourself slow down. The hornet stings you!
You feel as though you will be slow longer.
You closely miss the hornet.
The hornet is heavily wounded.
You feel very sick. The hornet stings you.
You feel as though you will be slow longer.
You claw the hornet!
The hornet is almost dead.
You feel sick.
The hornet stings you but does no damage.
The hornet stings you!
You suddenly lose the ability to move!
You feel sick. The hornet stings you.
You shrug off the repeated paralysis!
The wight hits you with a +5 flail!
You feel drained.
* * * LOW HITPOINT WARNING * * *
The hornet stings you!
* * * LOW HITPOINT WARNING * * *
You are more poisoned.
You feel as though you will be slow longer.
You feel very sick. The hornet stings you!
* * * LOW HITPOINT WARNING * * *
You shrug off the repeated paralysis!
The wight hits you with a +5 flail!
You die...

#..##.###..##..#
...##.####.#..## ..#
...##.#....#...# ..#
.#.##.#.##....## ..#
...##.# #.#...# ..# #
.####.# #..#..## ..#
..# .# #.#
#..##.†##.##..#
.####.......##.z.#.$.#
............ ##.hy..#
<####.###### ###.###
.# ... .## ....# ..#
#.### †.# .# †.# .#
##.. .# ....


You could see a hornet and a wight.

Vanquished Creatures
  Grinder (D:2)
  Sigmund (D:4)
  A steam dragon (D:6)
  Menkaure (D:5)
  Edmund (D:4)
  A water moccasin (D:6)
  3 black bears
  A sky beast (D:7)
  An ogre (D:6)
  A phantom (D:4)
  2 bullfrogs (D:6)
  3 scorpions
  An electric eel (D:7)
  Crazy Yiuf (D:3)
  A jelly (D:6)
  4 hounds
  An orc priest (D:4)
  Terence (D:2)
  Jessica (D:3)
  2 iguanas
  Ijyb (D:3)
  An orc wizard (D:6)
  5 adders
  10 gnolls
  A shadow imp (D:7)
  2 white imps
  An ufetubus (D:6)
  2 worms
  3 dart slugs
  19 orcs
  4 ball pythons
  7 endoplasms
  2 giant cockroaches (D:4)
  4 goblins
  5 hobgoblins
  8 jackals (D:1)
  9 kobolds
  4 quokkas
  8 bats
  A frilled lizard (D:2)
  8 rats
134 creatures vanquished.

Vanquished Creatures (others)
  A human (D:4)
1 creature vanquished.

Grand Total: 135 creatures vanquished

Notes
Turn   | Place    | Note
-------+----------+-------------------------------------------
     0 | D:1      | Ordine the Troll Shapeshifter began the quest for the Orb.
     0 | D:1      | Reached XP level 1. HP: 18/18 MP: 0/0
    54 | D:1      | Reached skill level 1 in Fighting
    56 | D:1      | Reached XP level 2. HP: 27/27 MP: 1/1
   161 | D:1      | Found a faded altar of an unknown god.
   470 | D:2      | Reached XP level 3. HP: 33/33 MP: 2/2
   584 | D:2      | Noticed Terence
   599 | D:2      | Killed Terence
   619 | D:2      | Reached XP level 4. HP: 41/41 MP: 3/3
   759 | D:2      | Reached skill level 4 in Unarmed Combat
  1174 | D:3      | Noticed Ijyb
  1287 | D:3      | Found an opulent altar of Gozag.
  1387 | D:3      | Noticed Grinder
  1407 | D:2      | HP: 1/42 [Grinder (6)]
  1410 | D:2      | Killed Grinder
  1411 | D:2      | Reached skill level 5 in Unarmed Combat
  1411 | D:2      | Reached XP level 5. HP: 13/50 MP: 1/4
  1411 | D:2      | Reached XP level 6. HP: 16/59 MP: 1/5
  1457 | D:3      | Killed Ijyb
  1624 | D:3      | Found a runed translucent door.
  1625 | D:3      | Identified the +7 hammer "Ureaczyt" {flame, rC+ Dex+2}
  1625 | D:3      | Noticed Crazy Yiuf
  1635 | D:3      | Killed Crazy Yiuf
  1727 | D:3      | Noticed Jessica
  1732 | D:3      | Killed Jessica
  1843 | D:3      | Found a transporter.
  1846 | D:3      | Noticed BinkBink's ghost (amateur KoHs)
  1848 | D:3      | Found a transporter.
  2233 | D:4      | Reached skill level 6 in Unarmed Combat
  2233 | D:4      | Reached XP level 7. HP: 62/67 MP: 6/6
  2264 | D:4      | Found an ancient bone altar of Kikubaaqudgha.
  2264 | D:4      | Noticed a human
  2267 | D:4      | Killed a human
  2396 | D:4      | Found a shimmering altar of Xom.
  2669 | D:4      | Noticed Edmund
  2680 | D:4      | Killed Edmund
  2709 | D:4      | Noticed Sigmund
  2715 | D:4      | Killed Sigmund
  2716 | D:4      | Reached skill level 7 in Unarmed Combat
  2716 | D:4      | Reached skill level 5 in Shapeshifting
  2835 | D:5      | Entered Level 5 of the Dungeon
  2907 | D:5      | Reached XP level 8. HP: 72/78 MP: 5/7
  2980 | D:5      | Found a broken altar of Ashenzari.
  3204 | D:5      | Noticed Menkaure
  3218 | D:5      | Killed Menkaure
  3453 | D:5      | Found a snail-covered altar of Cheibriados.
  3555 | D:5      | Reached skill level 8 in Unarmed Combat
  4534 | D:6      | Reached XP level 9. HP: 84/85 MP: 6/8
  4589 | D:6      | Found a staircase to the Ecumenical Temple.
  4595 | Temple   | Entered the Ecumenical Temple
  4848 | D:7      | Reached skill level 9 in Unarmed Combat
  4857 | D:7      | Found an iron altar of Okawaru.
  4952 | D:7      | Found a shadowy altar of Dithmenos.
  4996 | D:7      | Reached skill level 5 in Fighting
  5009 | D:7      | Paralysed by a hornet for 3 turns
  5011 | D:7      | Slain by a wight

Illustrated notes

Levels and vault maps discovered:
D:1:      dpeg_arrival_water_temple_mockup, layout_basic,
          shapermc_ecumenical_altar_acropolis, chequers_serial_rivers_large_b
D:2:      layout_loops_ring, uniq_terence
D:3:      layout_loops_ring, grunt_gozag_statues, gammafunk_ghost_mausoleum,
          uniq_crazy_yiuf_cottage, uniq_grinder, uniq_ijyb, uniq_jessica
D:4:      layout_rooms, tgw_kikubaaqudgha, mainiacjoe_overflow_cross_hatched,
          hangedman_abyss_or_decor_jellyfish_corner,
          hangedman_decor_peaks_small, reono_crystal_passage,
          sigmund_edmund_badplayer
D:5:      layout_basic, lemuel_crystal_altar, mainiacjoe_overflow_alcove_4,
          nicolae_titane, uniq_sigmund, uniq_menkaure
D:6:      layout_loops_corners, minmay_temple_entry_gardened_gates
D:7:      minmay_the_grid_octo_2x2 [minmay_the_grid_octo_chip,
          minmay_the_grid_octo_clover, minmay_the_grid_octo_teeth,
          minmay_the_grid_octo_prize_single_spiral], layout_loops_ring,
          lemuel_crystal_altar, okawaru_metal_pillars_3, kennysheep_little_box,
          enter_bailey_6, chequers_big_river
Temple:   compressed_dpeg_circular_temple

Skill      XL: |  1  2  3  4  5  6  7  8  9 |
---------------+----------------------------+-----
Fighting       | 1 2 3 4 5 |  5.0
Dodging        | 2 |  2.0
Unarmed Combat | 5 6 7 8 9 |  9.3
Shapeshifting  | 4 5 6 |  6.3

Action                     |  1- 3 |  4- 6 |  7- 9 || total
---------------------------+-------+-------+-------++-------
  Melee: Unarmed           |    70 |   121 |   168 ||   359
         Punch             |       |     4 |     5 ||     9
Ability: Begin Untransform |       |     1 |       ||     1
    Use: Potion            |       |     1 |     2 ||     3
   Stab: Sleeping          |       |     1 |       ||     1
 Armour: Animal skin       |    33 |    48 |       ||    81
         Robe              |       |    24 |    51 ||    75
         Steam dragon scal |       |       |    38 ||    38
         Skin              |       |       |     3 ||     3
  Dodge: Dodged            |    39 |    45 |    73 ||   157
   Form: Beast             |       |     1 |       ||     1

Table legend: (Time is in decaauts)
 A = Elapsed time spent in this place.
 B = Non-inter-level travel time spent in this place.
 C = Inter-level travel time spent in this place.
 D = Time resting spent in this place.
 E = Time spent auto-exploring this place.
 F = Levels seen in this place.
 G = Mean time per level.
                   A        B        C        D        E       F      G
               +--------+--------+--------+--------+--------+-----+--------+
         Total |   4977 |   4484 |    493 |     91 |   3437 |   8 |  622.1 |
       Dungeon |   4975 |   4482 |    493 |     91 |   3437 |   7 |  710.7 |
        Temple |      1 |      1 |      0 |      0 |      0 |   1 |    1.0 |
               +--------+--------+--------+--------+--------+-----+--------+

Top non-repeatable levels by time:
     D:6: 1050 daAuts
     D:3: 929 daAuts
     D:5: 912 daAuts
     D:2: 713 daAuts
     D:4: 668 daAuts
     D:1: 533 daAuts
     D:7: 168 daAuts
  Temple: 1 daAuts
